 Dungeon Sprint DCSS version 0.30-a0-49-g1cef19eb02 (webtiles) character file.

Game seed: 6695331593003157321

1482 mhtbhm the Earth Mage (level 8, -2/43 HPs)
             Began as a Gargoyle Earth Elementalist on Sept 2, 2022.
             Was a Priest of Vehumet.
             Slain by a two-headed ogre
             ... wielding a +0 giant spiked club
              (16 damage)
             ... in the Dungeon (Sprint III: "The Ten Rune Challenge").
             The game lasted 00:02:34 (998 turns).

mhtbhm the Earth Mage (Gargoyle Earth Elementalist)  Turns: 998, Time: 00:02:34

Health: -2/43      AC:  7    Str: 12    XL:     8   Next: 79%
Magic:  18/23      EV: 13    Int: 16    God:    Vehumet [***...]
Gold:   34         SH:  0    Dex: 14    Spells: 19/29 levels left

rFire   . . .      SeeInvis .    p - +0 mace
rCold   . . .      Faith    .    (no shield)
rNeg    + . .      Spirit   .    a - +0 robe
rPois   ∞          Reflect  .    (no helmet)
rElec   +          Harm     .    (no cloak)
rCorr   .          Rampage  .    (no gloves)
Will    .....      NoTele   +    (no boots)
Stlth   +++.......               (no amulet)
HPRegen 0.14/turn                (no ring)
MPRegen 0.18/turn                (no ring)

@: no status effects
A: sickness immunity, AC +5, negative energy resistance 1, electricity
resistance, torment resistance 1, petrification resistance, agile 1
a: Renounce Religion


You were in the Dungeon.
You worshipped Vehumet.
Vehumet was most pleased with you.
You visited 1 branch You collected 34 gold pieces.

Inventory:

Hand Weapons
 p - a +0 mace (weapon)
Armour
 a - a +0 robe (worn)
Scrolls
 g - a scroll of blinking
 i - a scroll of poison {unknown}
 j - 3 scrolls of identify
 l - a scroll of immolation {unknown}
Potions
 b - 2 potions of magic
 c - 3 potions of curing
 d - a potion of heal wounds
 e - a potion of haste
 f - a potion of degeneration {unknown}
 h - 2 potions of mutation
 k - a potion of ambrosia {unknown}
 m - a potion of lignification {unknown}
 n - a potion of might
 o - a potion of berserk rage
Miscellaneous
 q - a lightning rod (4/4)


   Skills:
 + Level 1.6 Fighting
 + Level 4.6 Dodging
 + Level 4.3 Stealth
 + Level 1.0 Unarmed Combat
 + Level 11.0 Spellcasting
 + Level 1.0 Conjurations
 + Level 2.5 Transmutations
 + Level 15.7 Earth Magic
 + Level 0.2 Evocations


You had 19 spell levels left.
You knew the following spells:

 Your Spells              Type           Power      Damage    Failure   Level
a - Sandblast             Erth           100%       2d20      0%          1
b - Passwall              Tmut/Erth      31%        N/A       1%          2
c - Stone Arrow           Conj/Erth      70%        3d11      1%          3
d - Petrify               Tmut/Erth      38%        N/A       1%          4

Your spell library contained the following spells:

 Spells                   Type           Power      Damage    Failure   Level
 Foxfire                  Conj/Fire      40%        2x1d6     1%          1
 Gell's Gravitas          Tloc           8%         N/A       24%         3
 Teleport Other           Tloc           8%         N/A       24%         3
 Dispersal                Tloc           4%         N/A       100%        6


Dungeon Overview and Level Annotations

Branches:
Dungeon (1/1)

Altars:
Cheibriados
Dithmenos
Elyvilon
Fedhas
Gozag
Hepliaklqana
Kikubaaqudgha
Makhleb
Nemelex Xobeh
Okawaru
Qazlal
Ru
Sif Muna
Trog
Uskayaw
Vehumet
Wu Jian
Xom
Yredelemnul
Zin
The Shining One
Jiyva
Lugonu


Innate Abilities, Weirdness & Mutations

You are immune to sickness and miasma.
Your stone body is resilient. (AC +5)
You are immune to poison.
You resist negative energy. (rN+)
You are resistant to electric shocks. (rElec)
You are resistant to unholy torment.
You are immune to petrification.
You are agile. (Dex +4, Str/Int -1)


Message History

You start resting.
Magic restored.
Items here: )))))) ††.
A two-headed ogre comes into view.
It is wielding a +0 giant spiked club and a +0 giant club.
Casting: Sandblast (safe; 0% risk of failure)
Confirm with . or Enter, or press ? or * to list all spells.
Aiming: Stone Arrow (safe; 1% risk of failure)
Press: ? - help, Shift-Dir - straight line, f - two-headed ogre
Aim: a two-headed ogre, wielding a +0 giant spiked club and a +0 giant club (asleep, 100% to hit)
The stone arrow hits the two-headed ogre!
The two-headed ogre is moderately wounded.
The two-headed ogre shouts in stereo!
Casting: Stone Arrow (safe; 1% risk of failure)
Confirm with . or Enter, or press ? or * to list all spells.
Aiming: Sandblast (safe; 0% risk of failure)
Press: ? - help, Shift-Dir - straight line, f/p - two-headed ogre
Aim: a two-headed ogre, wielding a +0 giant spiked club and a +0 giant club (moderately wounded, 93% to hit)
The blast of sand hits the two-headed ogre!
The two-headed ogre is moderately wounded.
Unknown command.
Unknown command.
Casting: Sandblast (safe; 0% risk of failure)
Confirm with . or Enter, or press ? or * to list all spells.
Aiming: Sandblast (safe; 0% risk of failure)
Press: ? - help, Shift-Dir - straight line, f/p - two-headed ogre
Aim: a two-headed ogre, wielding a +0 giant spiked club and a +0 giant club (moderately wounded, 93% to hit)
The blast of sand hits the two-headed ogre.
The two-headed ogre is heavily wounded.
The two-headed ogre hits you with a +0 giant spiked club!
The two-headed ogre hits you with a +0 giant club!
Unknown command.
Casting: Sandblast (safe; 0% risk of failure)
Confirm with . or Enter, or press ? or * to list all spells.
Aiming: Sandblast (safe; 0% risk of failure)
Press: ? - help, Shift-Dir - straight line, f/p - two-headed ogre
Aim: a two-headed ogre, wielding a +0 giant spiked club and a +0 giant club (heavily wounded, 93% to hit)
The blast of sand hits the two-headed ogre!
The two-headed ogre is severely wounded.
The two-headed ogre hits you with a +0 giant spiked club!
You die...

#'###)## .......#
.......# ######'#
#__#...#+###########
#__#...#....#.#. ..
#__#...##.#..#.# .#
#__#...'##.#.#.##O#
#__'...#.).#..#.@#
▓▓▓▓▓▓▓▓▓▓▓▓▓▓▓▓▓▓


You could see a two-headed ogre.

Vanquished Creatures
  A deep elf pyromancer (D)
  A shadow (D)
  A spatial vortex (D)
  3 two-headed ogres (D)
  A necrophage (D)
  A water elemental (D)
  A scorpion (D)
  A jelly (D)
  Jessica (D)
  A wizard (D)
  A necromancer (D)
  A kobold demonologist (D)
  3 humans (D)
  2 endoplasms (D)
  A rat (D)
20 creatures vanquished.

Notes
Turn   | Place    | Note
-------+----------+-------------------------------------------
     0 | D        | mhtbhm the Gargoyle Earth Elementalist began the quest for
                  | the Orb.
     0 | D        | Reached XP level 1. HP: 10/10 MP: 3/3
     8 | D        | Reached skill level 4 in Earth Magic
    88 | D        | Noticed Jessica
   104 | D        | Killed Jessica
   105 | D        | Reached skill level 6 in Earth Magic
   105 | D        | Reached XP level 2. HP: 7/15 MP: 0/6
   105 | D        | Reached XP level 3. HP: 8/19 MP: 0/7
   314 | D        | Learned a level 2 spell: Passwall
   318 | D        | Learned a level 3 spell: Stone Arrow
   355 | D        | Gained mutation: You occasionally lose the ability to drink
                  | potions when taking damage. [potion of mutation]
   355 | D        | Gained mutation: You have sharp toenails. [potion of
                  | mutation]
   356 | D        | Lost mutation: You have sharp toenails. [potion of
                  | mutation]
   356 | D        | Lost mutation: You occasionally lose the ability to drink
                  | potions when taking damage. [potion of mutation]
   356 | D        | Gained mutation: You are agile. (Dex +4, Str/Int -1)
                  | [potion of mutation]
   365 | D        | Noticed a scorpion
   374 | D        | Killed a scorpion
   375 | D        | Reached skill level 1 in Transmutations
   375 | D        | Reached skill level 8 in Earth Magic
   375 | D        | Reached XP level 4. HP: 12/24 MP: 2/10
   379 | D        | HP: 1/24 [human (4)]
   381 | D        | Reached skill level 9 in Earth Magic
   658 | D        | Learned a level 4 spell: Petrify
   667 | D        | Noticed a water elemental
   671 | D        | Killed a water elemental
   672 | D        | Reached skill level 5 in Spellcasting
   672 | D        | Reached skill level 10 in Earth Magic
   672 | D        | Reached XP level 5. HP: 28/28 MP: 9/13
   706 | D        | Found a radiant altar of Vehumet.
   706 | D        | Found a shimmering blue altar of Sif Muna.
   706 | D        | Found an ancient bone altar of Kikubaaqudgha.
   714 | D        | Became a worshipper of Vehumet
   735 | D        | Found a basalt altar of Yredelemnul.
   735 | D        | Found a shadowy altar of Dithmenos.
   735 | D        | Found a sacrificial altar of Ru.
   738 | D        | Reached skill level 11 in Earth Magic
   738 | D        | Reached XP level 6. HP: 33/33 MP: 11/15
   779 | D        | Found a glowing silver altar of Zin.
   779 | D        | Found a glowing golden altar of the Shining One.
   779 | D        | Found a white marble altar of Elyvilon.
   779 | D        | Noticed a deep elf pyromancer
   781 | D        | Killed a deep elf pyromancer
   781 | D        | Reached * piety under Vehumet
   781 | D        | Offered knowledge of Shock by Vehumet.
   782 | D        | Reached skill level 1 in Fighting
   782 | D        | Reached skill level 13 in Earth Magic
   782 | D        | Reached XP level 7. HP: 38/38 MP: 11/19
   827 | D        | Found a hide-covered altar of Uskayaw.
   827 | D        | Found an iron altar of Okawaru.
   827 | D        | Found a bloodstained altar of Trog.
   827 | D        | Found an ornate altar of the Wu Jian Council.
   827 | D        | Noticed a human
   827 | D        | Noticed a human
   829 | D        | Killed a human
   830 | D        | Reached skill level 14 in Earth Magic
   831 | D        | Killed a human
   832 | D        | Reached XP level 8. HP: 37/43 MP: 21/21
   887 | D        | Noticed a shadow
   888 | D        | Killed a shadow
   888 | D        | Reached ** piety under Vehumet
   889 | D        | Reached skill level 1 in Unarmed Combat
   889 | D        | Reached skill level 10 in Spellcasting
   889 | D        | Reached skill level 15 in Earth Magic
   915 | D        | Found a blossoming altar of Fedhas.
   915 | D        | Found a stormy altar of Qazlal.
   915 | D        | Found a snail-covered altar of Cheibriados.
   915 | D        | Found a burning altar of Makhleb.
   915 | D        | Found a shimmering altar of Xom.
   916 | D        | Found a hazy altar of Hepliaklqana.
   916 | D        | Found an opulent altar of Gozag.
   916 | D        | Found a sparkling altar of Nemelex Xobeh.
   916 | D        | Found a corrupted altar of Lugonu.
   916 | D        | Found a viscous altar of Jiyva.
   950 | D        | Offered knowledge of Foxfire by Vehumet.
   953 | D        | Reached *** piety under Vehumet
   955 | D        | Reached skill level 1 in Conjurations
   994 | D        | Noticed a two-headed ogre
   998 | D        | Slain by a two-headed ogre

Illustrated notes

Levels and vault maps discovered:
D:        dungeon_sprint_mu [sprint_mu_entry_cave, sprint_mu_temple_rooms,
          sprint_mu_d1_spiders, sprint_mu_d2_genie, sprint_mu_d3_branching,
          sprint_mu_orc_legion, sprint_mu_elf_gauntlet, sprint_mu_hive_nellie,
          sprint_mu_lair_fedhas, sprint_mu_vaults_butterflies,
          sprint_mu_slime_circle, sprint_mu_swamp_cave, sprint_mu_shoals_archi,
          sprint_mu_blade_basic, sprint_mu_crypt_lich, sprint_mu_tomb_spiral,
          sprint_mu_vestibule_basic, sprint_mu_gehenna_hellfire,
          sprint_mu_dis_giant, sprint_mu_tartarus_statrot,
          sprint_mu_cocytus_islands, sprint_mu_zot1]

Skill      XL: |  1  2  3  4  5  6  7  8 |
---------------+-------------------------+-----
Earth Magic    | 6 8 10 11 13 14 15 | 15.7
Dodging        | 2 3 4 |  4.6
Spellcasting   | 3 4 5 6 9 11 | 11.0
Stealth        | 3 4 |  4.3
Transmutations | 1 2 |  2.5
Fighting       | 1 |  1.6
Unarmed Combat | 1 |  1.0
Conjurations   | 1 |  1.0
Evocations     | |  0.2

Action                   |  1- 3 |  4- 6 |  7- 9 || total
-------------------------+-------+-------+-------++-------
Melee: Unarmed           |     6 |       |       ||     6
 Cast: Sandblast         |    12 |    12 |    14 ||    38
       Passwall          |     1 |       |       ||     1
       Stone Arrow       |       |     3 |     4 ||     7
Evoke: Lightning rod     |       |       |     3 ||     3
  Use: Potion            |     4 |     1 |       ||     5
Armor: Robe              |     1 |     1 |       ||     2
Dodge: Dodged            |     8 |     4 |     3 ||    15

Table legend: (Time is in decaauts)
 A = Elapsed time spent in this place.
 B = Non-inter-level travel time spent in this place.
 C = Inter-level travel time spent in this place.
 D = Time resting spent in this place.
 E = Time spent auto-exploring this place.
 F = Levels seen in this place.
 G = Mean time per level.
                   A        B        C        D        E       F      G
               +--------+--------+--------+--------+--------+-----+--------+
         Total |   1026 |   1026 |      0 |    752 |     19 |   1 | 1026.0 |
       Dungeon |   1026 |   1026 |      0 |    752 |     19 |   1 | 1026.0 |
               +--------+--------+--------+--------+--------+-----+--------+

Top non-repeatable levels by time:
       D: 1026 daAuts
